 Dungeon Sprint DCSS version 0.24-a0-280-g7cec4da (webtiles) character file.

Game seed: 9578884343136429404

66 schets the Skirmisher (level 3, 33/33 HPs)
             Began as a Demonspawn Fighter on May 5, 2019.
             Was an Initiate of Uskayaw.
             Quit the game in the Dungeon (Sprint IX: "|||||||||||||||||||||||||||||").
             The game lasted 00:00:37 (388 turns).

schets the Skirmisher (Demonspawn Fighter)           Turns: 388, Time: 00:00:38

Health: 33/33      AC:  7    Str: 17    XL:     3   Next: 96%
Magic:  3/3        EV:  8    Int:  9    God:    Uskayaw [......]
Gold:   0          SH:  9    Dex: 12    Spells: 2/2 levels left

rFire    . . .     SeeInvis .   a - +0 rapier
rCold    . . .     Gourm    .   c - +0 shield
rNeg     . . .     Faith    .   b - +0 scale mail
rPois    .         Spirit   .   (helmet restricted)
rElec    .         Reflect  .   (no cloak)
rCorr    .         Harm     .   (no gloves)
MR       .....     NoTele   +   (no boots)
Stlth    ..........             (no amulet)
HPRegen  0.11/turn              (no ring)
MPRegen  0.08/turn              (no ring)

@: no status effects
A: horns 1
a: Renounce Religion


You were in the Dungeon.
You worshipped Uskayaw.
Uskayaw was noncommittal.
You were not hungry.

You visited 1 branch

Inventory:

Hand Weapons
 a - a +0 rapier (weapon)
Armour
 b - a +0 scale mail (worn)
 c - a +0 shield (worn)
Jewellery
 p - a +2 ring of protection
 q - a +2 ring of protection
Wands
 o - a wand of acid (10)
Scrolls
 k - 2 scrolls of blinking
 m - 3 scrolls of remove curse
 n - 2 scrolls of amnesia
Potions
 d - a potion of might
 e - 5 potions of curing
 g - a potion of invisibility
 h - a potion of haste
 i - 4 potions of magic
 j - a potion of berserk rage
 l - 2 potions of heal wounds
Comestibles
 f - a ration


   Skills:
 * Level 5.1 Fighting
 * Level 4.1 Short Blades
 + Level 3.7 Armour
 + Level 2.3 Dodging
 + Level 3.7 Shields


You had 2 spell levels left.
You didn't know any spells.
Your spell library was empty.

Dungeon Overview and Level Annotations

Branches:
Dungeon (1/1)

Altars:
Cheibriados
Dithmenos
Elyvilon
Fedhas
Gozag
Hepliaklqana
Kikubaaqudgha
Makhleb
Nemelex Xobeh
Okawaru
Qazlal
Ru
Sif Muna
Trog
Uskayaw
Vehumet
Wu Jian
Xom
Yredelemnul
Zin
The Shining One
Beogh
Jiyva
Lugonu


Innate Abilities, Weirdness & Mutations

You have a pair of small horns on your head.


Message History

Okay, then.
You see here a +0 pair of boots.
You see here a +0 cloak.
You see here a +0 plate armour.
p - a +2 ring of protection
q - a +2 ring of protection You see here a +0 plate armour.
You see here a +0 cloak.
You see here a +0 pair of boots.
Items here: ))))))
You see here an uncursed staff of energy.
Items here: ))))))
You see here an uncursed staff of energy.
Items here: ))))))
Okay, then.
Unknown command.
You see here a +0 pair of boots.
You see here a +0 cloak.
You see here a +0 plate armour.
Are you sure you want to abandon this character and quit the game? (Confirm with "yes".) ▓▓▓▓▓▓▓▓▓▓▓▓▓▓▓▓▓▓▓▓ +..@[[)|..'_________ ▓▓▓▓▓▓▓▓▓▓▓▓▓▓▓▓▓▓▓▓

There were no monsters in sight!

Vanquished Creatures
  A hound (D)
  An orc wizard (D)
  2 giant cockroaches (D)
  3 frilled lizards (D)
  A kobold (D)
  2 rats (D)
10 creatures vanquished.

Notes
Turn   | Place    | Note
-------+----------+-------------------------------------------
     0 | D        | schets the Demonspawn Fighter began the quest for the Orb.
     0 | D        | Reached XP level 1. HP: 18/18 MP: 1/1
    32 | D        | Noticed a hound
    32 | D        | Noticed an orc wizard
    46 | D        | Killed an orc wizard
    46 | D        | Reached skill level 4 in Fighting
    46 | D        | Reached skill level 1 in Dodging
    46 | D        | Gained mutation: You have a pair of small horns on your
                  | head. [demonic ancestry]
    46 | D        | Reached XP level 2. HP: 19/26 MP: 2/2
    46 | D        | Reached XP level 3. HP: 23/31 MP: 3/3
    58 | D        | Reached skill level 5 in Fighting
   333 | D        | Found a roughly hewn altar of Beogh.
   333 | D        | Found a snail-covered altar of Cheibriados.
   333 | D        | Found a shadowy altar of Dithmenos.
   333 | D        | Found a white marble altar of Elyvilon.
   333 | D        | Found a blossoming altar of Fedhas.
   333 | D        | Found an opulent altar of Gozag.
   334 | D        | Found a hazy altar of Hepliaklqana.
   335 | D        | Found a viscous altar of Jiyva.
   336 | D        | Found an ancient bone altar of Kikubaaqudgha.
   337 | D        | Found a corrupted altar of Lugonu.
   338 | D        | Found a burning altar of Makhleb.
   339 | D        | Found a sparkling altar of Nemelex Xobeh.
   340 | D        | Found an iron altar of Okawaru.
   341 | D        | Found a stormy altar of Qazlal.
   342 | D        | Found a sacrificial altar of Ru.
   343 | D        | Found a deep blue altar of Sif Muna.
   344 | D        | Found a bloodstained altar of Trog.
   345 | D        | Found a hide-covered altar of Uskayaw.
   346 | D        | Found a radiant altar of Vehumet.
   347 | D        | Found an ornate altar of the Wu Jian Council.
   348 | D        | Found a shimmering altar of Xom.
   349 | D        | Found a basalt altar of Yredelemnul.
   350 | D        | Found a glowing silver altar of Zin.
   351 | D        | Found a glowing golden altar of the Shining One.
   353 | D        | Became a worshipper of Uskayaw the Reveler
   388 | D        | Quit the game

Levels and vault maps discovered:
D:        linesprint [early_d, line_temple, items_1, d_10, items_2, lair_1,
          lair_end, items_3, orc_1, orc_end, items_4, d_15, swamp_1, shoals_1,
          snake_1, spider_1, d_20, vaults_1, items_5, swamp_end, shoals_end,
          snake_end, spider_end, vaults_end, d_27, items_6, zot_1, zot_end,
          crypt_end, forest_end, elf_end, slime_end, tomb_end, abyss_end,
          pan_hell_end]

Skill      XL: |  1  2  3 |
---------------+----------+-----
Short Blades   | 3 4 |  4.1
Fighting       | 4 5 |  5.1
Armour         | 3 |  3.7
Dodging        | 1 2 |  2.3
Shields        | 3 |  3.7

Action                   || total
-------------------------++-------
Melee: Rapier            ||    42
       Headbutt          ||     4
  Use: Potion            ||     1
Armor: Scale mail        ||    15
Dodge: Dodged            ||     6
Block: Shield            ||    18

Table legend:
 A = Non-vault XP
 B = Vault XP
 C = Vault XP percentage of total XP
 D = Non-vault monster count
 E = Vault monster count
 F = Vault count percentage of total count
                 A         B        C        D         E       F
            +---------+---------+-------+---------+---------+-------
      Total |       0 |      95 | 100.0 |       0 |      10 | 100.0
            +---------+---------+-------+---------+---------+-------
          D |       0 |      95 | 100.0 |       0 |      10 | 100.0
            +---------+---------+-------+---------+---------+-------
